 Dungeon Crawl Stone Soup version 0.17-a0-744-gaa96792 (webtiles) character file.

681 namelastname112 the Cudgeler (level 7, -26/61 HPs)
             Began as a Yellow Draconian Chaos Knight on Apr 21, 2015.
             Annihilated by Prince Ribbit (30 damage)
             ... on level 5 of the Dungeon.
             The game lasted 00:09:04 (5694 turns).

namelastname112 the Cudgeler (DrCK)                 Turns: 5694, Time: 00:09:04

Health: -26/61     AC:  6    Str: 14    XL:     7   Next: 34%
Magic:  7/7        EV: 13    Int: 12    God:    Xom [......]
Gold:   190        SH:  0    Dex: 13    Spells: 0 memorised, 6 levels left

rFire  . . .     SeeInvis .     a - +0 mace (chaos)
rCold  + . .     Clarity  .     (armour unavailable)
rNeg   . . .     SustAb   .     (no shield)
rPois  .         Gourm    .     (helmet restricted)
rElec  .         Spirit   .     (no cloak)
rCorr  +         Warding  .     (no gloves)
rMut   .         Stasis   .     (no boots)
MR     +....                    (no amulet)
Stlth  +.........               s - ring of protection from cold
                                r - ring of protection from magic

@: somewhat resistant to hostile enchantments, very unstealthy
A: spit acid, acid resistance, unfitting armour, cold-blooded, AC +6
a: Spit Acid, Renounce Religion


You were on level 5 of the Dungeon.
You worshipped Xom.
You were a very special plaything of Xom.
You were not hungry.

You visited 1 branch of the dungeon, and saw 5 of its levels.

You collected 190 gold pieces.

Inventory:

Hand weapons
 a - a +0 mace of chaos (weapon)
Jewellery
 d - an uncursed ring of flight
 r - a ring of protection from magic (left hand)
 s - a ring of protection from cold (right hand)
Magical devices
 q - a wand of flame (21)
Scrolls
 c - 6 scrolls of identify {unknown}
 e - a scroll of remove curse {unknown}
 i - 2 scrolls of teleportation {unknown}
 j - 2 scrolls of fog {unknown}
 l - 3 scrolls of random uselessness {unknown}
 n - a scroll of recharging {unknown}
 o - 6 scrolls of magic mapping {unknown}
 p - 2 scrolls of fear {unknown}
 y - a scroll of enchant armour {unknown}
Potions
 k - a potion of resistance {unknown}
 m - a potion of curing {unknown}
 t - a potion of restore abilities
 u - a potion of magic {unknown}
 w - a potion of cancellation {unknown}
 x - 2 potions of agility {unknown}
 z - a potion of brilliance {unknown}
Comestibles
 b - 2 bread rations
 f - 2 fruits
 g - a royal jelly
 h - a beef jerky
 v - 3 meat rations


   Skills:
 + Level 5.6 Fighting
 * Level 6.5 Maces & Flails
 + Level 3.9 Dodging


You had 6 spell levels left.
You didn't know any spells.

Dungeon Overview and Level Annotations

Branches:
Dungeon (5/15)
 Temple: D:4-7

Altars:
Cheibriados
Fedhas

Annotations:
D:5 exclusion: oklob plant, Prince Ribbit; barthelme's ghost, experienced TrBe


Innate Abilities, Weirdness & Mutations

You can spit globs of acid.
You are resistant to acid.
Your golden yellow scales are hard (AC +6).
Your body does not fit into most forms of armour.
You are cold-blooded and may be slowed by cold attacks.


Message History

Prince Ribbit hits you!!
Prince Ribbit blinks!
You completely miss Prince Ribbit.
Prince Ribbit is moderately wounded.
Prince Ribbit barely misses you.
You hit Prince Ribbit.
Prince Ribbit goes berserk!
Prince Ribbit is heavily wounded.
Prince Ribbit closely misses you. Prince Ribbit hits you!
You hit Prince Ribbit.
You feel better.
Prince Ribbit is heavily wounded.
Prince Ribbit completely misses you. Prince Ribbit hits you!!
* * * LOW HITPOINT WARNING * * *
Prince Ribbit closely misses you.
You are too injured to fight recklessly!
You are too injured to fight recklessly!
Drink which item? (? for menu, Esc to quit)
It was a potion of restore abilities.
You feel refreshed.
Xom thinks this is hilarious!
Prince Ribbit hits you!!
You die...
Xom titters!

#.####. #.#.##.
#.#.##. #.#.##. . .
#.#.##. #...####...##.
..........§...
#.#######...####>§....
#....@F.#...####......
#######.#......§......
#§#...####§#.##.
#§....####.#.##.
##§........#.##.
#########§..######.##.
........§.............
####################..
#..


You could see Prince Ribbit (berserk).

Vanquished Creatures
  A centaur (D:3)
  A scorpion (D:5)
  A crimson imp (D:3)
  3 iguanas
  4 orc wizards (D:4)
  A hound (D:4)
  An orc priest (D:4)
  2 worker ants (D:4)
  Robin (D:2)
  12 adders
  An ooze (D:2)
  4 worms
  A giant gecko (D:2)
  11 orcs
  11 bats
  19 goblins
  10 hobgoblins
  6 jackals (D:3)
  A ball python (D:2)
  3 giant cockroaches
  5 giant newts
  10 kobolds
  2 quokkas
  8 rats
119 creatures vanquished.

Vanquished Creatures (others)
  A butterfly (D:4)
1 creature vanquished.

Grand Total: 120 creatures vanquished

Notes
Turn   | Place    | Note
--------------------------------------------------------------
     0 | D:1      | namelastname112, the Draconian Chaos Knight, began the quest for the Orb.
     0 | D:1      | Reached XP level 1. HP: 19/19 MP: 1/1
   145 | D:1      | Found a snail-covered altar of Cheibriados.
   351 | D:1      | XOM: divination: detect creatures
   568 | D:1      | XOM: divination: detect creatures
   675 | D:2      | XOM: enchant monster (good)
   689 | D:2      | Reached XP level 2. HP: 20/26 MP: 2/2
   803 | D:2      | Noticed Robin
   813 | D:1      | XOM: smoke on damage
   815 | D:1      | Reached XP level 3. HP: 2/31 MP: 3/3
   934 | D:1      | XOM: mild Trmt miscast
  1093 | D:2      | HP: 1/33 [Robin/falchion (1)]
  1094 | D:2      | Killed Robin
  1123 | D:2      | XOM is BORED!
  1123 | D:2      | XOM: mild Erth miscast
  1163 | D:2      | XOM: colour smoke trail
  1401 | D:2      | Reached skill level 4 in Maces & Flails
  1497 | D:2      | Reached XP level 4. HP: 40/40 MP: 4/4
  1513 | D:2      | XOM: god gift: scimitar {god gift}
  1568 | D:2      | XOM: harmless Fire miscast
  1816 | D:2      | XOM: god gift: gold wand {god gift}
  2013 | D:3      | XOM: cast spell 'Summon Butterflies'
  2082 | D:3      | Noticed a centaur
  2091 | D:3      | XOM: noise
  2093 | D:3      | Killed a centaur
  2093 | D:3      | Reached skill level 5 in Maces & Flails
  2093 | D:3      | Reached XP level 5. HP: 16/47 MP: 5/5
  2181 | D:3      | XOM: divination: magic mapping
  2629 | D:3      | XOM: mild Hex miscast
  2918 | D:3      | Reached XP level 6. HP: 53/53 MP: 6/6
  3077 | D:3      | XOM: harmless Chrm miscast
  3463 | D:4      | XOM: butterfly on damage
  3463 | D:4      | XOM: smoke on damage
  3465 | D:4      | XOM: mild Ice miscast
  3747 | D:4      | XOM: divination: magic mapping
  3749 | D:4      | Reached skill level 5 in Fighting
  3850 | D:4      | XOM: harmless Necr miscast
  4032 | D:4      | Reached skill level 6 in Maces & Flails
  4106 | D:4      | Your scales start taking on a golden yellow colour.
  4106 | D:4      | Reached XP level 7. HP: 61/61 MP: 7/7
  4677 | D:5      | Entered Level 5 of the Dungeon
  4732 | D:5      | Noticed barthelme's ghost (experienced TrBe)
  4780 | D:4      | XOM: scenery: 1 doors close
  5069 | D:5      | XOM: divination: detect items
  5198 | D:5      | Noticed Prince Ribbit
  5202 | D:5      | XOM: potion effect (haste)
  5204 | D:5      | XOM: 3-stop teleportation journey
  5391 | D:5      | Found a blossoming altar of Fedhas.
  5409 | D:5      | Noticed an oklob plant
  5530 | D:5      | XOM: colour smoke trail
  5664 | D:5      | XOM: colour smoke trail
  5693 | D:5      | HP: 3/61 [Prince Ribbit (25)]
  5694 | D:5      | Annihilated by Prince Ribbit

Action                   |  1- 3 |  4- 6 |  7- 9 || total
-------------------------+-------+-------+-------++-------
Melee: Mace              |    88 |   264 |    96 ||   448
  Use: Potion            |     1 |     1 |     2 ||     4
 Stab: Paralysed         |       |     2 |     5 ||     7
       Petrified         |       |     1 |       ||     1
  Eat: Chunk             |     1 |     8 |     4 ||    13
       Fruit             |     1 |     1 |       ||     2
       Beef jerky        |       |       |     1 ||     1
